 Dungeon Crawl Stone Soup version 0.20-a0-303-g575bbf7 (webtiles) character file.

2412 Junicave the Digger (level 9, -7/52 HPs)
             Began as a Gargoyle Earth Elementalist on Dec 17, 2016.
             Was a Follower of Vehumet.
             Hit by a tomahawk of returning thrown by an orc warrior (16 damage)
             ... on level 8 of the Dungeon.
             The game lasted 00:51:49 (14404 turns).

Junicave the Digger (Gargoyle Earth Elementalist)  Turns: 14404, Time: 00:51:50

Health: -7/52      AC:  8    Str: 12    XL:     9   Next: 47%
Magic:  2/17       EV: 13    Int: 19    God:    Vehumet [*.....]
Gold:   366        SH:  4    Dex: 10    Spells: 3/19 levels left

rFire  x . .     SeeInvis .     w - +2 flail
rCold  + . .     Gourm    .     k - +1 robe (curse)
rNeg   + . .     Faith    .     (no shield)
rPois  ∞         Spirit   .     (no helmet)
rElec  +         Reflect  +     (no cloak)
rCorr  .         Harm     .     (no gloves)
MR     +....                    (no boots)
Stlth  ++........               F - +4 amulet of reflection
                                H - ring of ice
                                A - ring of protection from magic

@: no status effects
A: negative energy resistance 1, electricity resistance, unbreathing,
petrification resistance, rot immunity, AC +5
a: Renounce Religion


You were on level 8 of the Dungeon.
You worshipped Vehumet.
Vehumet was aware of your devotion.
You were not hungry.

You visited 2 branches of the dungeon, and saw 9 of its levels.

You collected 366 gold pieces.

Inventory:

Hand Weapons
 w - a +2 flail (weapon)
Missiles
 j - 203 stones (quivered)
Armour
 k - a cursed +1 robe (worn)
Jewellery
 A - a ring of protection from magic (left hand)
 D - an uncursed ring of positive energy
 F - a +4 amulet of reflection (around neck)
 H - a ring of ice (right hand)
Wands
 y - a wand of acid (8/15)
 N - a wand of disintegration (5/24)
Scrolls
 d - a scroll of brand weapon {unknown}
 p - a scroll of recharging {unknown}
 q - 2 scrolls of immolation {unknown}
 B - 5 scrolls of blinking
 E - 5 scrolls of teleportation
 G - a scroll of fog {unknown}
 K - a scroll of remove curse {unknown}
Potions
 f - a potion of cancellation {unknown}
 m - a potion of beneficial mutation {unknown}
 o - 2 potions of curing
 r - 2 potions of magic
 s - 2 potions of lignification
 x - a potion of haste {unknown}
 I - a potion of heal wounds {unknown}
 M - a potion of ambrosia {unknown}
 O - 2 potions of resistance
 P - a potion of brilliance {unknown}
Books
 e - a book of Geomancy

   Spells                             Type                      Level
   a - Sandblast                      Earth                        1
   b - Passwall                       Transmutation/Earth          2
   c - Stone Arrow                    Conjuration/Earth            3
   d - Petrify                        Transmutation/Earth          4
   e - Lee's Rapid Deconstruction     Earth                        5
 J - a book of Minor Magic

   Spells                             Type                      Level
   a - Magic Dart                     Conjuration                  1
   b - Blink                          Translocation                2
   c - Call Imp                       Summoning                    2
   d - Repel Missiles                 Charms/Air                   2
   e - Slow                           Hexes                        2
   f - Conjure Flame                  Conjuration/Fire             3
   g - Mephitic Cloud                 Conjuration/Poison/Air       3
Comestibles
 g - 2 royal jellies
 l - a meat ration
 C - 3 bread rations


   Skills:
 + Level 4.4 Fighting
 + Level 3.6 Maces & Flails
 + Level 4.1 Dodging
 - Level 2.1 Stealth
 * Level 5.6 Spellcasting
 + Level 4.7 Conjurations
   Level 0.7 Transmutations
 + Level 1.3 Fire Magic
 + Level 7.4 Earth Magic
 + Level 1.4 Poison Magic
 + Level 2.4 Evocations


You had 3 spell levels left.
You knew the following spells:

 Your Spells              Type           Power        Failure   Level  Hunger
a - Sandblast             Erth           ####..       1%          1    None
b - Stone Arrow           Conj/Erth      ####..       3%          3    ##.....
c - Lee's Rapid Deconstr  Erth           ####......   17%         5    #####..
d - Mephitic Cloud        Conj/Pois/Air  ##......     17%         3    ##.....
e - Conjure Flame         Conj/Fire      ###.....     12%         3    ##.....
f - Sting                 Conj/Pois      ###.         4%          1    None


Dungeon Overview and Level Annotations

Branches:
Dungeon (8/15)             Temple (1/1) D:6
   Lair: D:8-11

Altars:
Ashenzari
Cheibriados
Dithmenos
Elyvilon
Gozag
Nemelex Xobeh
Okawaru
Qazlal
Ru
Sif Muna
Uskayaw
Vehumet
Xom
Yredelemnul
The Shining One


Innate Abilities, Weirdness & Mutations

You are resistant to torment.
Your stone body is resilient. (AC +5)
You are immune to poison.
You resist negative energy. (rN+)
You are resistant to electric shocks. (rElec)
You can survive without breathing.
You are immune to petrification.
You are immune to rotting.


Message History

The orc warrior throws a tomahawk of returning.
You reflect the tomahawk of returning off an invisible shield around you!
The tomahawk of returning barely misses the orc warrior.
The weapon returns to the orc warrior!
The orc warrior throws a tomahawk of returning.
The tomahawk of returning barely misses you.
The weapon returns to the orc warrior!
The orc warrior throws a tomahawk of returning.
The tomahawk of returning closely misses you.
The weapon returns to the orc warrior!
Found a bread ration.
The orc warrior throws a tomahawk of returning.
The tomahawk of returning hits you.
* * * LOW HITPOINT WARNING * * *
The weapon returns to the orc warrior!
You see here a bread ration.
C - 3 bread rations (gained 1)
The orc warrior throws a tomahawk of returning.
The tomahawk of returning hits you!
You die...

#########
#.....o.#
##@#####.#
........###
#.#
.##.##...).
#.#
##.##[##o#
#....[<.#
#######.#
#.# #.# #:#


You could see an orc warrior.

Vanquished Creatures
  Sigmund (D:6)
  An ice beast (D:6)
  A black bear (D:7)
  6 ogres
  2 centaurs (D:5)
  2 bullfrogs
  A big kobold (D:7)
  A water moccasin zombie (D:6)
  5 wights
  A howler monkey (D:5)
  3 crimson imps
  A jelly (D:5)
  An orc priest (D:3)
  4 bullfrog skeletons
  A centaur skeleton (D:6)
  4 hounds
  3 orc wizards
  7 worker ants
  A worker ant zombie (D:5)
  12 adders
  An ooze (D:7)
  2 worms
  4 dart slugs
  7 leopard geckos
  13 orcs
  8 giant cockroaches
  10 goblins
  3 hobgoblins
  6 jackals
  7 quokkas
  11 bats
  8 frilled lizards
  A jackal skeleton (D:4)
  11 kobolds
  A leopard gecko zombie (D:6)
  8 rats
159 creatures vanquished.

Notes
Turn   | Place    | Note
-------+----------+-------------------------------------------
     0 | D:1      | Junicave the Gargoyle Earth Elementalist began the quest for the Orb.
     0 | D:1      | Reached XP level 1. HP: 10/10 MP: 3/3
   302 | D:1      | Reached XP level 2. HP: 12/15 MP: 3/5
   394 | D:1      | Reached skill level 4 in Earth Magic
  1103 | D:1      | Reached XP level 3. HP: 13/19 MP: 6/6
  1509 | D:1      | Learned a level 3 spell: Stone Arrow
  2173 | D:2      | Reached XP level 4. HP: 24/24 MP: 5/8
  2259 | D:2      | Reached skill level 5 in Earth Magic
  2498 | D:2      | Found a faded altar of an unknown god.
  3128 | D:2      | Found a faded altar of an unknown god.
  3594 | D:3      | Reached skill level 1 in Conjurations
  3744 | D:3      | Reached XP level 5. HP: 22/28 MP: 4/9
  3959 | D:3      | Learned a level 5 spell: Lee's Rapid Deconstruction
  4713 | D:2      | Reached skill level 1 in Fighting
  6318 | D:4      | Noticed an ogre
  6328 | D:4      | Killed an ogre
  6328 | D:4      | Reached XP level 6. HP: 34/34 MP: 0/11
  6648 | D:4      | Reached skill level 1 in Maces & Flails
  6648 | D:4      | Reached skill level 6 in Earth Magic
  6819 | D:4      | Reached XP level 7. HP: 38/40 MP: 12/12
  7897 | D:5      | Entered Level 5 of the Dungeon
  8239 | D:5      | Reached skill level 1 in Evocations
  8857 | D:5      | Reached XP level 8. HP: 30/46 MP: 12/14
  9051 | D:5      | Found a sacrificial altar of Ru.
  9946 | D:5      | Found a sacrificial altar of Ru.
 10643 | D:6      | Found a staircase to the Ecumenical Temple.
 10654 | Temple   | Entered the Ecumenical Temple
 10661 | Temple   | Became a worshipper of Vehumet
 10706 | D:6      | Noticed Sigmund
 11051 | D:6      | Paralysed by fainting for 5 turns
 11061 | D:6      | Reached skill level 7 in Earth Magic
 11874 | D:6      | Reached skill level 5 in Spellcasting
 12117 | D:7      | Reached XP level 9. HP: 52/52 MP: 16/16
 12122 | D:7      | Learned a level 3 spell: Mephitic Cloud
 12126 | D:7      | Learned a level 3 spell: Conjure Flame
 12414 | D:7      | Reached skill level 1 in Fire Magic
 12702 | D:6      | Killed Sigmund
 12702 | D:6      | Reached skill level 1 in Poison Magic
 12804 | D:6      | Reached * piety under Vehumet
 12804 | D:6      | Offered knowledge of Sting by Vehumet.
 12828 | D:6      | Learned a level 1 spell: Sting
 13294 | D:6      | Found a staircase to the Ecumenical Temple.
 14404 | D:8      | Hit by a tomahawk of returning thrown by an orc warrior

Vault maps used:
D:1:      dpeg_arrival_houses_and_road
D:2:      chequers_ecumenical_altar_grove, minmay_misc_feat_room
D:5:      first_bread, nicolae_ru_the_path_less_chosen
D:6:      uniq_sigmund
D:8:      minmay_overflow_temple_star_quad, due_lair_maze_entry_diamond,
          hangedman_ranch
Temple:   nicolae_temple_no_exploring_needed

Skill      XL: |  1  2  3  4  5  6  7  8  9 |
---------------+----------------------------+-----
Earth Magic    | 4 5 6 7 |  7.4
Spellcasting   | 3 4 5 |  5.6
Conjurations   | 1 2 3 4 |  4.7
Dodging        | 2 3 4 |  4.1
Fighting       | 1 2 3 4 |  4.4
Maces & Flails | 1 2 3 |  3.6
Evocations     | 1 2 |  2.4
Fire Magic     | 1 |  1.3
Poison Magic   | 1 |  1.4
Stealth        | |  2.1
Transmutations | |  0.7

Action                   |  1- 3 |  4- 6 |  7- 9 || total
-------------------------+-------+-------+-------++-------
Melee: Unarmed           |     7 |       |       ||     7
       Dagger            |    49 |    60 |    37 ||   146
       Club              |     1 |       |       ||     1
       Mace              |       |    39 |       ||    39
       Flail             |       |    72 |   231 ||   303
Throw: Stone             |     1 |       |       ||     1
 Cast: Sandblast         |    41 |    68 |    64 ||   173
       Stone Arrow       |       |     7 |    55 ||    62
       Lee's Rapid Decon |       |       |     3 ||     3
Evoke: Wand              |       |       |     1 ||     1
  Use: Scroll            |       |       |    10 ||    10
 Stab: Sleeping          |     1 |     4 |     2 ||     7
  Eat: Chunk             |     3 |    14 |    13 ||    30
       Beef jerky        |       |     1 |     1 ||     2
       Pizza             |       |     1 |       ||     1
       Bread ration      |       |       |     1 ||     1
       Fruit             |       |       |     5 ||     5
       Meat ration       |       |       |     1 ||     1
Armor: Robe              |    31 |    66 |   108 ||   205
Dodge: Dodged            |    40 |   148 |   227 ||   415
Block: Other             |       |       |    52 ||    52
       Reflection        |       |       |     1 ||     1
